 Dungeon Crawl Stone Soup version 0.28.0 (webtiles) character file.

Game seed: 10603691108288420736

124 Sanktem7 the Chopper (level 5, 0/47 HPs)
             Began as a Hill Orc Fighter on Feb 11, 2022.
             Slain by a gnoll (2 damage)
             ... on level 3 of the Dungeon.
             The game lasted 00:04:11 (2462 turns).

Sanktem7 the Chopper (Hill Orc Fighter)             Turns: 2462, Time: 00:04:12

Health: 0/47       AC:  9    Str: 21    XL:     5   Next: 8%
Magic:  5/5        EV:  7    Int:  8    God:
Gold:   49         SH:  4    Dex: 10    Spells: 4/4 levels left

rFire   . . .      SeeInvis .   a - +0 war axe
rCold   . . .      Faith    .   c - +0 buckler
rNeg    . . .      Spirit   .   k - +0 chain mail
rPois   .          Reflect  .   (no helmet)
rElec   .          Harm     .   (no cloak)
rCorr   .          Rampage  .   (no gloves)
Will    .....                   (no boots)
Stlth   ..........              (no amulet)
HPRegen 0.15/turn               (no ring)
MPRegen 0.09/turn               (no ring)

@: no status effects
A: no striking features
a: no special abilities


You were on level 3 of the Dungeon.
You visited 1 branch of the dungeon, and saw 3 of its levels.

You collected 49 gold pieces.

Inventory:

Hand Weapons
 a - a +0 war axe (weapon)
Armour
 c - a +0 buckler (worn)
 k - a +0 chain mail (worn)
Jewellery
 g - a ring of willpower
 h - a ring of wizardry
Scrolls
 e - a scroll of identify {unknown}
 f - 3 scrolls of teleportation {unknown}
 l - a scroll of magic mapping {unknown}
 n - a scroll of torment {unknown}
 o - a scroll of silence {unknown}
Potions
 b - a potion of degeneration {unknown}
 d - a potion of might
 i - 2 potions of attraction {unknown}
 j - a potion of ambrosia {unknown}
 m - a potion of brilliance {unknown}


   Skills:
 * Level 4.4 Fighting
 * Level 4.8 Axes
 * Level 4.2 Armour
 + Level 0.6 Dodging
 - Level 3.3 Shields


You had 4 spell levels left.
You didn't know any spells.
Your spell library was empty.

Dungeon Overview and Level Annotations

Branches:
Dungeon (3/15)

Altars:


Message History

The orc hits you but does no damage. The gnoll barely misses you.
You closely miss the orc.
The orc is moderately wounded.
The orc barely misses you. The gnoll hits you but does no damage.
You barely miss the orc.
The orc is moderately wounded.
The orc hits you but does no damage.
The gnoll hits you from afar with a +0 spear!
The orc hits you but does no damage. The gnoll hits you but does no damage.
You barely miss the orc.
The orc is moderately wounded.
The orc hits you but does no damage. The gnoll barely misses you.
You closely miss the orc.
The orc is moderately wounded.
The orc barely misses you.
The gnoll hits you from afar with a +0 spear.
You block the orc's attack.
You closely miss the orc.
The orc is moderately wounded.
The gnoll hits you from afar with a +0 spear!
* * * LOW HITPOINT WARNING * * *
The orc hits you with a +0 dagger.
* * * LOW HITPOINT WARNING * * *
The gnoll hits you from afar with a +0 spear.
* * * LOW HITPOINT WARNING * * *
You hit the orc.
The orc is heavily wounded.
The orc hits you but does no damage. You block the gnoll's attack.
You closely miss the orc.
The orc is heavily wounded.
The orc hits you with a +0 dagger.
* * * LOW HITPOINT WARNING * * *
You block the gnoll's attack.
You hit the orc.
The orc is almost dead.
The orc hits you with a +0 dagger.
* * * LOW HITPOINT WARNING * * *
The gnoll closely misses you. The orc barely misses you.
The gnoll hits you from afar with a +0 spear.
You die...

..........o.o...
#...o..o....
#..o######.. #o..#
#...# ### #...# ..#
#...# #.# ###o#####
####.# #..ggo@.#
#....# #(#.###.# .
#.##.###.#.###.#
#.##.##.)......##.#
#.......###.##.##.#
####.####
#.....).##### #.#
###.........# #.#
##.######.# #.#
###.### #.#


You could see 2 gnolls and 2 orcs.

Vanquished Creatures
  2 gnolls (D:3)
  3 adders
  5 worms
  2 dart slugs (D:1)
  An orc (D:3)
  4 endoplasms
  3 giant cockroaches
  7 hobgoblins
  A quokka (D:2)
  2 ball pythons
  6 bats
  4 frilled lizards
  6 goblins
  7 kobolds
  9 rats
62 creatures vanquished.

Notes
Turn   | Place    | Note
-------+----------+-------------------------------------------
     0 | D:1      | Sanktem7 the Hill Orc Fighter began the quest for the Orb.
     0 | D:1      | Reached XP level 1. HP: 19/19 MP: 1/1
    86 | D:1      | Reached XP level 2. HP: 7/27 MP: 2/2
   314 | D:1      | Found a faded altar of an unknown god.
   641 | D:1      | Reached XP level 3. HP: 28/33 MP: 3/3
  1434 | D:2      | Reached XP level 4. HP: 17/40 MP: 4/4
  2446 | D:3      | Reached XP level 5. HP: 28/47 MP: 5/5
  2462 | D:3      | HP: 2/47 [orc (3)]
  2462 | D:3      | Slain by a gnoll

Illustrated notes

Levels and vault maps discovered:
D:1:      heliophobic_arrival_glass_houses, layout_rooms,
          shapermc_ecumenical_altar_ellora, hangedman_decor_points
D:2:      layout_loops_ring, nicolae_underground_beach
D:3:      layout_loops_cross

Skill      XL: |  1  2  3  4 |
---------------+-------------+-----
Axes           | 3 4 |  4.8
Fighting       | 4 |  4.4
Armour         | 4 |  4.2
Dodging        | |  0.6
Shields        | |  3.3

Action                   |  1- 3 |  4- 6 || total
-------------------------+-------+-------++-------
Melee: War axe           |   120 |    90 ||   210
Armor: Scale mail        |    58 |       ||    58
       Chain mail        |    25 |    33 ||    58
Dodge: Dodged            |    81 |    33 ||   114
Block: Buckler           |    35 |    16 ||    51
